 Dungeon Crawl Stone Soup version 0.29.0-4-gdea44cf6ec (webtiles) character file.

Game seed: 11977088468797388423

1 qw the Sneak (level 1, -1/14 HPs)
             Began as a Ghoul Enchanter on Sept 7, 2022.
             Slain by a goblin
             ... wielding a +0 club
              (3 damage)
             ... on level 1 of the Dungeon.
             The game lasted 00:00:03 (42 turns).

qw the Sneak (Ghoul Enchanter)                        Turns: 42, Time: 00:00:03

Health: -1/14      AC:  2    Str: 11    XL:     1   Next: 20%
Magic:  2/2        EV: 12    Int: 10    God:
Gold:   0          SH:  0    Dex:  9    Spells: 3/3 levels left

rFire   . . .      SeeInvis .   f - +0 club
rCold   + . .      Faith    .   (no shield)
rNeg    + + +      Spirit   .   b - +0 robe
rPois   inf        Reflect  .   (no helmet)
rElec   .          Harm     .   (no cloak)
rCorr   .          Rampage  .   (no gloves)
Will    .....                   (no boots)
Stlth   ++........              (no amulet)
HPRegen 0.00/turn               (no ring)
MPRegen 0.08/turn               (no ring)

@: inhibited regen
A: claws 1, cold resistance 1, negative energy resistance 3, inhibited
regeneration, torment resistance 2, devour on kill
a: no special abilities


You were on level 1 of the Dungeon.
You visited 1 branch of the dungeon, and saw 1 of its levels.


Innate Abilities, Weirdness & Mutations

You are immune to poison.
You have sharp fingernails.
Your flesh is cold resistant. (rC+)
You are immune to negative energy. (rN+++)
You do not regenerate when monsters are visible.
You are immune to unholy pain and torment.
You thrive by killing the living.


   Skills:
 - Level 0.8 Short Blades
 + Level 0.3 Axes
 - Level 1.7 Dodging
 - Level 3.2 Stealth
 - Level 1.7 Spellcasting
 - Level 2.4 Hexes


You had 3 spell levels left.
You didn't know any spells.
Your spell library contained the following spells:

 Spells                   Type           Power      Damage    Failure   Level
 Ensorcelled Hibernation  Hex/Ice        6%         N/A       30%         2
 Confusing Touch          Hex            5%         N/A       34%         3
 Tukima's Dance           Hex            5%         N/A       34%         3
 Dazzling Flash           Conj/Hex       6%         N/A       52%         3

Inventory:

Hand Weapons
 f - a +0 club (weapon)
Armour
 b - a +0 robe (worn)
Scrolls
 a - a scroll of identify {unknown}
 d - a scroll of acquirement {unknown}
 e - a scroll of summoning {unknown}
Potions
 c - 2 potions of invisibility

Dungeon Overview and Level Annotations

Branches:
Dungeon (1/15)

Altars:


Message History

You barely miss the goblin. The goblin closely misses you.
You hit the goblin.
The goblin is moderately wounded.
The goblin barely misses you.
You hit the goblin but do no damage.
The goblin is moderately wounded.
A rat comes into view.
The goblin misses you. The goblin hits you with a +0 dagger.
A goblin comes into view. It is wielding a +0 club.
31 ||| Stepping ~*~*~tactically~*~*~ (stealth).
The goblin attacks as you move away! The goblin hits you but does no damage.
You hit the goblin.
The goblin is severely wounded.
The goblin barely misses you.
You barely miss the goblin.
The goblin is severely wounded.
The goblin hits you but does no damage.
You barely miss the goblin.
The goblin is severely wounded.
The goblin hits you with a +0 dagger.
You closely miss the goblin.
The goblin is severely wounded.
The goblin misses you. The goblin hits you with a +0 dagger.
You hit the goblin.
The goblin is severely wounded.
The goblin closely misses you.
You hit the goblin.
You kill the goblin!
You closely miss the goblin. The goblin closely misses you. x2
You closely miss the goblin. The goblin hits you with a +0 club.
You miss the goblin. The goblin hits you but does no damage.
You completely miss the goblin. The goblin closely misses you.
The goblin barely misses you.
You closely miss the goblin. The goblin hits you with a +0 club.
You die...

#......~.~.~~~
#.......~~~.~~
##.......<.~..~
#...........~.~
#........8..~.~
##.8.........~~~
#..8..........~.
#####..8.)........~~
#.g@..............~~
#.#................~
#.#...........###.
#.#....(...####
#.#......###
#.#......#
.r######## g.


You could see a goblin.

Vanquished Creatures
  A goblin (D:1)
1 creature vanquished.

Vanquished Creatures (others)
  2 plants (D:1)
2 creatures vanquished.

Grand Total: 3 creatures vanquished

Notes
Turn   | Place    | Note
-------+----------+-------------------------------------------
     0 | D:1      | qw the Ghoul Enchanter began the quest for the Orb.
     0 | D:1      | Reached XP level 1. HP: 14/14 MP: 2/2
     0 | D:1      | 0 ||| qw: Version: 0.1-a-108-g9e35731
     0 | D:1      | 0 ||| qw: Game counter: 6430
     0 | D:1      | 0 ||| qw: Always use a shield: true
     0 | D:1      | 0 ||| qw: God list: Okawaru
     0 | D:1      | 0 ||| qw: Allow faded altars: false
     0 | D:1      | 0 ||| qw: Do Orc after D:15 true
     0 | D:1      | 0 ||| qw: Do second Lair branch before Depths: true
     0 | D:1      | 0 ||| qw: Lair rune preference: random
     0 | D:1      | 0 ||| qw: Plans: Normal
     0 | D:1      | 0 ||| PLANNING D:1-11
    13 | D:1      | 13 ||| SWAPPING to +0 club.
    14 | D:1      | 14 ||| DROPPING +1 dagger.
    31 | D:1      | 31 ||| Stepping ~*~*~tactically~*~*~ (stealth).
    35 | D:1      | HP: 3/14 [goblin/+0 dagger (1)]
    42 | D:1      | Slain by a goblin

Levels and vault maps discovered:
D:1:      nicolae_arrival_washed_ashore, layout_rooms,
          shapermc_ecumenical_altar_mp_urbaneastern

Action                   || total
-------------------------++-------
Melee: Club              ||    16
Armor: Robe              ||     3
Dodge: Dodged            ||    11

Table legend:
 A = Non-vault XP
 B = Vault XP
 C = Vault XP percentage of total XP
 D = Non-vault monster count
 E = Vault monster count
 F = Vault count percentage of total count
                 A         B        C        D         E       F
            +---------+---------+-------+---------+---------+-------
      Total |       2 |       0 |   0.0 |       1 |       0 |   0.0
            +---------+---------+-------+---------+---------+-------
        D:1 |       2 |       0 |   0.0 |       1 |       0 |   0.0
            +---------+---------+-------+---------+---------+-------
